 Seeded DCSS version 0.28.0-53-g5a82cb258f (webtiles) character file.

Game seed: 11376294231417828559 (custom seed)

29 purpskrrrp the Skirmisher (level 3, -5/29 HPs)
             Began as a Demonspawn Fighter on June 23, 2022.
             Slain by a gnoll
             ... wielding a +0 whip
              (6 damage)
             ... on level 1 of the Dungeon.
             The game lasted 00:04:24 (1512 turns).

purpskrrrp the Skirmisher (Demonspawn Fighter)      Turns: 1512, Time: 00:04:24

Health: -5/29      AC:  6    Str: 18    XL:     3   Next: 1%
Magic:  3/3        EV:  9    Int:  9    God:
Gold:   48         SH:  0    Dex: 12    Spells: 2/2 levels left

rFire   x . .      SeeInvis .   a - +0 long sword
rCold   + . .      Faith    .   e - orb {*Rage}
rNeg    . . .      Spirit   .   b - +0 scale mail
rPois   .          Reflect  .   (no helmet)
rElec   .          Harm     .   (no cloak)
rCorr   .          Rampage  .   (no gloves)
Will    .....      Rage     20% (no boots)
Stlth   ..........              (no amulet)
HPRegen 0.09/turn               f - ring of ice
MPRegen 0.08/turn               (no ring)

@: mighty
A: powered by death 1, weakness stinger 1
a: no special abilities


You were on level 1 of the Dungeon.
You visited 1 branch of the dungeon, and saw 2 of its levels.

You collected 48 gold pieces.

Inventory:

Hand Weapons
 a - a +0 long sword (weapon)
Armour
 b - a +0 scale mail (worn)
 c - a +0 buckler
 e - an orb of wrath (worn)
Jewellery
 f - a ring of ice (left hand)


   Skills:
 + Level 3.2 Fighting
 + Level 2.0 Long Blades
 + Level 3.2 Armour
 + Level 3.0 Shields


You had 2 spell levels left.
You didn't know any spells.
Your spell library was empty.

Dungeon Overview and Level Annotations

Branches:
Dungeon (2/15)

Altars:
Trog


Innate Abilities, Weirdness & Mutations

You regenerate a little health from kills.
You have a small tail.


Message History

As you read the scroll labelled FAMA YGOHOLA, it crumbles to dust.
You feel strangely unstable.
It was a scroll of teleportation.
As you read the scroll labelled EHICVIG CAPTA, it crumbles to dust.
You speak a Word of immense power!
You are blasted by holy energy!
It was a scroll of holy word.
Your surroundings suddenly seem different.
You start resting.
HP restored.
There is a staircase leading out of the dungeon here.
There is a stone staircase leading down here.
You climb downwards.
The goblin shouts!
The gnoll shouts! x2; The goblin shouts!
You hear a shout! x2
Found 12 gold pieces and a scroll labelled ZAITET YNORIEBLU.
Found an escape hatch in the floor.
There is a stone staircase leading up here.
A hobgoblin comes into view.
You barely miss the gnoll.
A bat comes into view.
The gnoll hits you with a +0 club.
A hobgoblin comes into view.
The gnoll hits you with a +0 whip. The gnoll closely misses you.
You barely miss the gnoll.
Your tail-slap misses the gnoll.
The gnoll hits you with a +0 club. The gnoll hits you with a +0 flail.
The gnoll hits you with a +0 whip. The gnoll hits you with a +0 club.
The gnoll completely misses you. The gnoll barely misses you.
You climb upwards.
There is a stone staircase leading down here.
You closely miss the gnoll. The gnoll barely misses you.
The gnoll hits you with a +0 flail.
* * * LOW HITPOINT WARNING * * *
The gnoll barely misses you. The gnoll closely misses you.
You feel very mighty all of a sudden. The gnoll hits you but does no damage.
The gnoll barely misses you. The gnoll hits you with a +0 club.
* * * LOW HITPOINT WARNING * * *
You closely miss the gnoll. You tail-slap the gnoll!
The gnoll is almost dead.
The gnoll barely misses you. The gnoll hits you with a +0 whip.
You die...

################
#..≈≈≈≈≈≈≈≈≈≈≈≈≈
#....≈≈≈≈≈≈≈≈≈≈≈ ###
#####..#..≈≈≈≈≈≈≈≈≈≈
##.######.........≈≈≈≈≈≈≈≈≈≈
#.........##g......≈≈≈≈≈≈≈≈≈
##.####....@.......≈≈≈≈≈≈≈≈≈
#######.##
#.##gg........≈≈≈≈≈≈≈≈
.........#
#.##.#.#.#.##.≈≈≈≈≈≈≈≈
#######..#
#.##.#.#.#.<#..≈≈≈≈≈≈≈ # #..#
#.##.#.#.#......≈≈≈≈≈≈ #
#..###.##.#.#...#......≈≈≈≈ #
#......##.#.#.......(...... #
###...#####.#.####.###.##.#.#
# ##....>............##
##...#.#


You could see 3 gnolls.

Vanquished Creatures
  3 endoplasms (D:1)
  A giant cockroach (D:1)
  6 hobgoblins (D:1)
  3 kobolds (D:1)
  3 quokkas (D:1)
  3 ball pythons (D:1)
  4 frilled lizards (D:1)
  4 rats (D:1)
27 creatures vanquished.

Notes
Turn   | Place    | Note
-------+----------+-------------------------------------------
     0 | D:1      | purpskrrrp the Demonspawn Fighter began the quest for the
                  | Orb.
     0 | D:1      | Reached XP level 1. HP: 18/18 MP: 1/1
   423 | D:1      | Gained mutation: You regenerate a little health from kills.
                  | [demonic ancestry]
   423 | D:1      | Reached XP level 2. HP: 24/24 MP: 2/2
  1121 | D:1      | Gained mutation: You have a small tail. [demonic ancestry]
  1121 | D:1      | Reached XP level 3. HP: 29/29 MP: 3/3
  1231 | D:1      | Found a faded altar of an unknown god.
  1330 | D:1      | Found a bloodstained altar of Trog.
  1511 | D:1      | HP: 1/29 [gnoll/+0 club (3)]
  1512 | D:1      | Slain by a gnoll

Illustrated notes

Levels and vault maps discovered:
D:1:      dpeg_arrival_water_altar, layout_loops_ring,
          dreamdust_ecumenical_altar_hidden_monk_grotto
D:2:      layout_basic, minmay_pentomino_pile

Skill      XL: |  1  2 |
---------------+-------+-----
Armour         | 3 |  3.2
Shields        | 3 |  3.0
Long Blades    | 2 |  2.0
Fighting       | |  3.2

Action                   || total
-------------------------++-------
Melee: Long sword        ||    77
       Tailslap          ||     1
  Use: Scroll            ||     2
       Potion            ||     1
Armor: Scale mail        ||    35
Dodge: Dodged            ||    38
